 Dungeon Crawl Stone Soup version 0.29.0-11-gd7f09526c8 (webtiles) character file.

Game seed: 12250565099104116403

111 ImASeal the Chopper (level 4, 0/42 HPs)
             Began as a Troll Gladiator on Sept 6, 2022.
             Slain by Dowan
             ... wielding a +0 dagger
              (4 damage)
             ... on level 5 of the Dungeon.
             The game lasted 00:04:04 (2225 turns).

ImASeal the Chopper (Troll Gladiator)               Turns: 2225, Time: 00:04:07

Health: 0/42       AC:  4    Str: 24    XL:     4   Next: 62%
Magic:  3/3        EV: 10    Int:  4    God:
Gold:   237        SH:  0    Dex: 11    Spells: 3/3 levels left

rFire   . . .      SeeInvis .   n - +0 war axe
rCold   . . .      Faith    .   (no shield)
rNeg    . . .      Spirit   .   b - +0 robe
rPois   .          Reflect  .   c - +0 hat
rElec   .          Harm     .   (no cloak)
rCorr   +          Rampage  .   (gloves unavailable)
Will    .....                   (boots unavailable)
Stlth   +.........              k - amulet of regeneration
HPRegen 1.74/turn               o - ring of resist corrosion
MPRegen 0.08/turn               (no ring)

@: lethally poisoned (0 -> -17), attractive
A: large, unfitting armour, claws 3, regeneration 1, shaggy fur 1, tough skin 1
a: no special abilities


You were on level 5 of the Dungeon.
You visited 1 branch of the dungeon, and saw 5 of its levels.

You collected 237 gold pieces.

Inventory:

Hand Weapons
 a - a +0 war axe
 n - a +0 war axe (weapon)
Missiles
 d - 3 throwing nets
 e - 3 large rocks (quivered)
 i - 38 stones
 s - 2 boomerangs
Armour
 b - a +0 robe (worn)
 c - a +0 hat (worn)
Jewellery
 k - an amulet of regeneration (around neck)
 o - a ring of resist corrosion (left claw)
 u - an amulet of the acrobat
Scrolls
 f - 3 scrolls of identify
 h - a scroll of fog {unknown}
 j - 3 scrolls of teleportation
 l - 2 scrolls of enchant weapon {unknown}
 m - a scroll of immolation {unknown}
 r - a scroll of noise {unknown}
 t - a scroll of magic mapping {unknown}
 v - 2 scrolls of fear {unknown}
Potions
 g - a potion of attraction
 p - a potion of curing {unknown}
 q - a potion of lignification {unknown}


   Skills:
 + Level 2.2 Fighting
 + Level 3.6 Axes
 + Level 2.1 Throwing
 + Level 2.9 Dodging
 + Level 0.1 Stealth


You had 3 spell levels left.
You didn't know any spells.
Your spell library was empty.

Dungeon Overview and Level Annotations

Branches:
Dungeon (4/15)
 Temple: D:4-7

Altars:
The Shining One

Annotations:
D:5 Dowan, Duvessa


Innate Abilities, Weirdness & Mutations

You are too large for most types of armour.
You have claws for hands.
Your natural rate of healing is unusually fast.
You are covered in fur. (AC +1)
You have tough skin. (AC +1)


Message History

Duvessa, Sister of Dowan comes into view.
She is wielding a +4 rapier of venom.
You throw a large rock. The large rock hits Dowan.
Dowan is lightly wounded.
Duvessa shouts, "You can run, but you cannot escape us forever!"
Dowan gestures wildly while chanting.
Dowan blinks!
You throw a large rock. The large rock barely misses Dowan.
You closely miss Dowan.
Dowan is lightly wounded.
Dowan hits you but does no damage.
It was a potion of attraction.
You feel attractive to monsters.
Duvessa hits you with a +4 rapier of venom!
You are poisoned.
Dowan barely misses you.
You barely miss Dowan.
Dowan is lightly wounded.
You barely miss Duvessa.
You feel very sick. Duvessa barely misses you.
Dowan says, "My weaknesses are her strengths!"
Dowan hits you with a +0 dagger.
You slash Duvessa!
Duvessa is moderately wounded.
You barely miss Dowan.
You feel sick.
Duvessa hits you with a +4 rapier of venom!
You are more poisoned.
Dowan gestures at you while chanting. The puff of flame hits you!
Duvessa misses you.
Dowan mumbles some strange words.
Dowan blinks!
As you read the scroll labelled KAMYLU BEZA, it crumbles to dust.
It is a scroll of identify.
j - 3 scrolls of teleportation You feel very sick.
Duvessa hits you with a +4 rapier of venom!
* * * LOW HITPOINT WARNING * * *
You are more poisoned.
Dowan hits you with a +0 dagger.
You die...

##.........###.......#
#.........#.#...#8..#
#...........##.## ..#
...............## 8#
..#.....#........# #
..#..........##.##
..#.........##
#e.........#
#e@###.......
.>.(...ยง.##.####..
(..#...####.# #. .
##.. ... ..# .. ..(
... ..## ...


You could see Duvessa and Dowan.

Vanquished Creatures
  4 gnolls
  An adder (D:5)
  A worm (D:2)
  2 dart slugs (D:2)
  3 endoplasms (D:2)
  4 giant cockroaches
  7 goblins
  A hobgoblin (D:2)
  4 jackals (D:2)
  3 quokkas (D:1)
  8 ball pythons
  3 bats (D:2)
  2 frilled lizards
  6 kobolds
  10 rats
59 creatures vanquished.

Notes
Turn   | Place    | Note
-------+----------+-------------------------------------------
     0 | D:1      | ImASeal the Troll Gladiator began the quest for the Orb.
     0 | D:1      | Reached XP level 1. HP: 19/19 MP: 0/0
   264 | D:1      | Reached XP level 2. HP: 28/28 MP: 1/1
   679 | D:2      | Reached XP level 3. HP: 35/35 MP: 2/2
   718 | D:2      | Reached skill level 3 in Axes
   747 | D:2      | Found a faded altar of an unknown god.
  1340 | D:2      | Reached XP level 4. HP: 24/42 MP: 3/3
  2081 | D:3      | Found a glowing golden altar of the Shining One.
  2151 | D:4      | You fall into a shaft and drop 1 floor!
  2151 | D:5      | Entered Level 5 of the Dungeon
  2216 | D:5      | Noticed Dowan
  2218 | D:5      | Noticed Duvessa
  2225 | D:5      | Slain by Dowan

Illustrated notes

Levels and vault maps discovered:
D:1:      tarquinn_simple_flora_water_c, layout_basic,
          hangedman_abyss_or_decor_lesser_grid, st_stairs_5,
          palyth_stone_intersect
D:2:      layout_loops_cross, hellmonk_ecumenical_altar_lost_god
D:3:      layout_loops_ring, mainiacjoe_overflow_six_doors_small,
          grunt_decor_junction, hangedman_feature_mirror,
          roderic_serpentine_path
D:4:      layout_cave_pools, zin_purify, lemuel_round_altar,
          minmay_temple_entry_junction_2, serial_bayou, serial_bayou_lagoon_b,
          serial_bayou_lagoon_a, serial_bayou_ford_a, serial_bayou_pond_e,
          minmay_misc_feat_room, chequers_serial_rivers_micro_e,
          minmay_misc_feat_cross, corexii_leaking_fountain,
          dilly_guarded_unrand_morg
D:5:      wad_lake_hut, layout_cave_pools, serial_column_ruins,
          column_ruins_circle_small, column_ruins_open_medium,
          column_ruins_grid_4, column_ruins_corridor_straight,
          column_ruins_columns_corner, column_ruins_open_tiny,
          column_ruins_grid_1, uniq_duvessa, uniq_menkaure

Skill      XL: |  1  2  3 |
---------------+----------+-----
Throwing       | 2 |  2.1
Axes           | 3 |  3.6
Fighting       | 2 |  2.2
Dodging        | |  2.9
Stealth        | |  0.1

Action                   |  1- 3 |  4- 6 || total
-------------------------+-------+-------++-------
Melee: War axe           |   109 |    38 ||   147
       Punch             |     1 |       ||     1
Throw: Stone             |       |     8 ||     8
       Large rock        |       |     3 ||     3
       Throwing net      |       |     1 ||     1
  Use: Scroll            |       |     1 ||     1
       Potion            |       |     1 ||     1
 Stab: Sleeping          |     1 |       ||     1
Armor: Robe              |    43 |    21 ||    64
Dodge: Dodged            |    75 |    22 ||    97
